 Dungeon Crawl Stone Soup version 0.31-a0-1620-gcbf77bbcfc (webtiles) character file.

Game seed: 14209649193080866443

55 Amplified the Trooper (level 3, 0/30 HPs)
             Began as a Mummy Monk on Jan 11, 2024.
             Killed from afar by Sigmund (4 damage)
             ... with a magic dart
             ... on level 2 of the Dungeon.
             The game lasted 00:04:25 (1102 turns).

Amplified the Trooper (Mummy Monk)                  Turns: 1102, Time: 00:04:26

Health: 0/30       AC:  5    Str: 14    XL:     3   Next: 67%
Magic:  1/3        EV: 11    Int: 11    God:
Gold:   66         SH:  0    Dex: 14    Spells: 1/2 levels left

rFire   x . .        h - +0 flail
rCold   + . .        c - orb {light}
rNeg    + + +        f - +0 ring mail
rPois   ∞            (no helmet)
rElec   .            (no cloak)
rCorr   .            (no gloves)
SInv    .            (no boots)
Will    .....        (no amulet)
Stlth   +            (no ring)
HPRegen 0.25/turn    (no ring)
MPRegen 0.08/turn

%: faith
@: very slightly contaminated, glowing
A: cold resistance 1, negative energy resistance 3, torment resistance 2, heat
vulnerability 1, in touch with death 1, no potions, faith
a: no special abilities


You were on level 2 of the Dungeon.
You visited 1 branch of the dungeon, and saw 3 of its levels.

You collected 66 gold pieces.

Inventory:

Hand Weapons
 a - a +0 mace
 e - a +1 whip
 h - a +0 flail (weapon)
Armour
 b - a +0 robe
 c - an orb of light (worn)
 d - a +0 kite shield
 f - a +0 ring mail (worn)
Scrolls
 i - 2 scrolls of identify
 j - a scroll of enchant weapon


   Skills:
 * Level 3.7 Fighting
 + Level 0.8(1.9) Axes
 + Level 2.7(2.8) Maces & Flails
 - Level 2.6 Dodging
 * Level 1.0 Shields


You had one spell level left.
You knew the following spells:

 Your Spells              Type           Power      Damage    Failure   Level
a - Summon Small Mammal   Summ           0%         N/A       58%         1

Your spell library contained the following spells:

 Spells                   Type           Power      Damage    Failure   Level
 Call Canine Familiar     Summ           0%         N/A       91%         3
 Gell's Gravitas          Tloc           0%         N/A       91%         3
 Teleport Other           Tloc           0%         N/A       91%         3
 Tukima's Dance           Hex            0%         N/A       91%         3
 Passage of Golubria      Tloc           0%         N/A       100%        4
 Summon Blazeheart Golem  Fire/Summ      0%         N/A       100%        4
 Yara's Violent Unravell  Hex/Alch       0%         3d3       100%        5
 Dispersal                Tloc           0%         N/A       100%        6


Dungeon Overview and Level Annotations

Branches:
Dungeon (3/15)

Altars:

Annotations:
D:2 Sigmund, Terence


Innate Abilities, Weirdness & Mutations

You are immune to poison.
Your flesh is cold resistant. (rC+)
You are immune to negative energy. (rN+++)
You are immune to unholy pain and torment.
You are vulnerable to heat. (rF-)
You are in touch with the powers of death.
You do not drink.
You have a special connection with the divine. (Faith)


Message History

Unknown command.
Unknown command.
Sigmund gestures wildly while chanting.
Sigmund flickers and vanishes for a moment.
The orc hits you but does no damage. The orc hits you with a +0 flail!
The orc attacks as it pursues you! The orc closely misses you.
A magic dart appears from out of thin air!
Deactivating autopickup; reactivate with Ctrl-A.
The magic dart hits you. The orc attacks as it pursues you!
The orc closely misses you. The orc attacks as it pursues you!
The orc hits you with a +0 flail.
* * * LOW HITPOINT WARNING * * *
You can't drink.
Unknown command.
Okay, then.
Casting: Summon Small Mammal (safe; 58% risk of failure)
Confirm with . or Enter, or press ? or * to list all spells.
You miscast Summon Small Mammal.
You are very lightly contaminated with residual magic.
Nothing appears to happen.
The orc closely misses you.
Unknown command.
A goblin comes into view. It is wielding a +0 dagger.
The goblin shouts!
The orc attacks as it pursues you! The orc barely misses you.
The goblin moves out of view.
Casting: Summon Small Mammal (safe; 58% risk of failure)
Confirm with . or Enter, or press ? or * to list all spells.
You miscast Summon Small Mammal.
Nothing appears to happen.
The orc closely misses you.
Unknown command.
Unknown command.
The orc attacks as it pursues you! The orc hits you with a +0 flail.
* * * LOW HITPOINT WARNING * * *
The goblin misses you. The orc attacks as it pursues you!
The orc closely misses you. The goblin attacks as it pursues you!
The goblin barely misses you.
A magic dart appears from out of thin air!
The magic dart hits you.
You die...

#.......# #.# #...#.##
#.......#.#.# ####.#.#.#
#.......#.#.####....#.#.#
#######'#####.#.....÷...[...#.#
..........(##.###.####.######<#
#........%.##.....##...# #.#
#..........#########.### #.#
#....##....#######...########.#
#....##........g@.............#
#....##.......o.###############
#....##........##.........#
###########.{..##.#######.######
#....####..####.# #...@....##
#.........## #.# #.#.####.#.
###.....###.# #.# #.#.####.#.
..##..### #.# #.# #.#.#....#.
#.##.######.# #.#####.#.#......


You could see an orc and a goblin.

Vanquished Creatures
  A gnoll (D:1)
  2 adders (D:2)
  6 endoplasms
  A giant cockroach (D:2)
  2 hobgoblins (D:1)
  3 jackals (D:2)
  A kobold (D:1)
  A quokka (D:1)
  3 ball pythons
  A bat (D:1)
  A frilled lizard (D:2)
  2 goblins
  2 rats
26 creatures vanquished.

Notes
Turn   | Place    | Note
-------+----------+-------------------------------------------
     0 | D:1      | Amplified the Mummy Monk began the quest for the Orb.
     0 | D:1      | Reached XP level 1. HP: 18/18 MP: 1/1
   153 | D:1      | Reached XP level 2. HP: 24/24 MP: 2/2
   177 | D:1      | Found a faded altar of an unknown god.
   244 | D:2      | Noticed Sigmund
   600 | D:2      | Reached XP level 3. HP: 29/29 MP: 3/3
   642 | D:2      | Learned a level 1 spell: Summon Small Mammal
   850 | D:2      | Noticed Terence
   969 | D:2      | Reached skill level 1 in Shields
  1102 | D:2      | Killed from afar by Sigmund

Illustrated notes

Levels and vault maps discovered:
D:1:      psy_arrival_heroes, layout_basic, chequers_ecumenical_altar_island,
          minmay_split_cup_large
D:2:      layout_basic, uniq_sigmund, uniq_terence
D:3:      layout_loops_ring, nicolae_gozag_cash_rules_everything_around_me,
          serial_shops, nicolae_shop_industrial_runoff, shop, shop, shop

Skill      XL: |  1  2  3 |
---------------+----------+-----
Shields        | 1 |  1.0
Fighting       | |  3.7
Axes           | |  0.8
Maces & Flails | |  2.7
Dodging        | |  2.6

Action                     || total
---------------------------++-------
  Melee: Mace              ||    16
         Whip              ||    23
         Flail             ||    49
   Cast: Summon Small Mamm ||     1
    Use: Scroll            ||     4
 Armour: Robe              ||    11
         Ring mail         ||    48
  Dodge: Dodged            ||    61

Table legend: (Time is in decaauts)
 A = Elapsed time spent in this place.
 B = Non-inter-level travel time spent in this place.
 C = Inter-level travel time spent in this place.
 D = Time resting spent in this place.
 E = Time spent auto-exploring this place.
 F = Levels seen in this place.
 G = Mean time per level.
                   A        B        C        D        E       F      G
               +--------+--------+--------+--------+--------+-----+--------+
         Total |   1124 |   1054 |     70 |     64 |    337 |   3 |  374.7 |
       Dungeon |   1124 |   1054 |     70 |     64 |    337 |   3 |  374.7 |
               +--------+--------+--------+--------+--------+-----+--------+

Top non-repeatable levels by time:
     D:2: 608 daAuts
     D:1: 513 daAuts
     D:3: 1 daAuts
